 Dungeon Crawl Stone Soup version 0.18-a0-1293-g5a2c81a (webtiles) character file.

95 HEYYEYAAE the Digger (level 4, -2/34 HPs)
             Began as a Human Earth Elementalist on Feb 10, 2016.
             Slain by an orc warrior
             ... wielding a +0 long sword
              (13 damage)
             ... on level 3 of the Dungeon.
             The game lasted 00:03:30 (2175 turns).

HEYYEYAAE the Digger (Human Earth Elementalist)     Turns: 2175, Time: 00:03:30

Health: -2/34      AC:  3    Str:  8    XL:     4   Next: 97%
Magic:  1/7        EV: 12    Int: 17    God:
Gold:   94         SH:  0    Dex: 13    Spells: 2 memorised, 3 levels left

rFire  . . .     SeeInvis .     i - +0 dagger (elec)
rCold  . . .     Gourm    .     a - +0 robe
rNeg   . . .     Faith    .     (no shield)
rPois  .         Spirit   .     (no helmet)
rElec  .         Dismiss  .     e - +0 cloak
rCorr  .         Reflect  .     (no gloves)
SustAt .         Harm     .     (no boots)
MR     .....                    (no amulet)
Stlth  ++........               (no ring)
                                (no ring)

@: about to teleport, not resistant to hostile enchantments, unstealthy
A: no striking features
a: no special abilities


You were on level 3 of the Dungeon.
You were not hungry.

You visited 1 branch of the dungeon, and saw 3 of its levels.

You collected 94 gold pieces.

Inventory:

Hand Weapons
 h - a +0 spear
 i - a +0 dagger of electrocution (weapon)
Missiles
 b - 56 stones (quivered)
Armour
 a - a +0 robe (worn)
 e - a +0 cloak (worn)
Scrolls
 j - 2 scrolls of remove curse {unknown}
 k - 2 scrolls of enchant armour {unknown}
 m - a scroll of magic mapping {unknown}
 o - 2 scrolls of random uselessness {unknown}
 q - 3 scrolls of fear {unknown}
 s - 2 scrolls of teleportation
Potions
 f - a potion of agility {unknown}
 g - a potion of degeneration
 p - 3 potions of lignification
Books
 c - a book of Geomancy

   Spells                             Type                      Level
   a - Sandblast                      Earth                        1
   b - Passwall                       Transmutation/Earth          2
   c - Stone Arrow                    Conjuration/Earth            3
   d - Petrify                        Transmutation/Earth          4
   e - Lee's Rapid Deconstruction     Earth                        5
Comestibles
 d - 2 bread rations
 l - 2 meat rations


   Skills:
 * Level 2.4 Fighting
 + Level 1.0 Armour
 + Level 2.4 Dodging
 - Level 2.0 Stealth
 + Level 2.3 Spellcasting
   Level 1.0 Transmutations
 * Level 3.6 Earth Magic


You had 3 spell levels left.
You knew the following spells:

 Your Spells              Type           Power        Failure   Level  Hunger
a - Sandblast             Erth           ##....       4%          1    #......
b - Stone Arrow           Conj/Erth      #.....       30%         3    ###....


Dungeon Overview and Level Annotations

Branches:
Dungeon (3/15)

Altars:


Message History

The stone arrow misses the orc warrior.
Casting: Stone Arrow
Confirm with . or Enter, or press ? or * to list all spells.
Aiming: Stone Arrow
Press: ? - help, Shift-Dir - straight line, f/p - orc warrior
Aim: an orc warrior, wielding a long sword and wearing a chain mail The stone arrow hits the orc warrior.
The orc warrior is moderately wounded.
The orc warrior hits you with a long sword!
You closely miss the orc warrior.
The orc warrior is moderately wounded.
The orc warrior hits you with a long sword!
The orc priest shouts!
The orc priest calls upon Beogh to heal the orc warrior.
The orc warrior is healed somewhat.
Read which item? (? for menu, Esc to quit)
As you read the scroll of teleportation, it crumbles to dust.
You feel strangely unstable. The orc warrior barely misses you.
The orc warrior hits you with a long sword!
You die...

###### #...........#
.....# #.#########.#
.....# #.# #.# .....# #.#
#.# .....# #.# #.# .....#
#.# #######'## .....# #.#
#........# .....# #.#
#........# ##..## #.#
#.@......#
###.#######.###o.......###
..............'.........>#
###..####.....#........###
##.## #.o...##########
#..# #...o.# ##.###....o#
#.##......# #..#......#


You could see an orc warrior, an orc priest and an orc (wandering).

Vanquished Creatures
  3 adders (D:2)
  An ooze (D:2)
  A worm (D:3)
  2 giant geckos
  3 orcs (D:3)
  9 bats
  3 giant cockroaches
  7 goblins
  6 hobgoblins
  5 giant newts
  9 kobolds
  14 rats
63 creatures vanquished.

Notes
Turn   | Place    | Note
--------------------------------------------------------------
     0 | D:1      | HEYYEYAAE the Human Earth Elementalist began the quest for the Orb.
     0 | D:1      | Reached XP level 1. HP: 13/13 MP: 3/3
   186 | D:1      | Reached skill level 1 in Fighting
   202 | D:1      | Reached XP level 2. HP: 19/21 MP: 1/5
   610 | D:1      | Reached XP level 3. HP: 24/26 MP: 6/6
  1185 | D:2      | Reached XP level 4. HP: 33/33 MP: 7/7
  1293 | D:2      | Learned a level 3 spell: Stone Arrow
  1517 | D:2      | Found a faded altar to an unknown god.
  1958 | D:3      | Noticed an orc warrior
  2129 | D:3      | Reached skill level 1 in Armour
  2175 | D:3      | Slain by an orc warrior

Vault maps used:
D:1:      onia_arrival_pyramid, minivault_23
D:2:      first_bread, ecumenical_altar_1
D:3:      uniq_robin

Action                   |  1- 3 |  4- 6 || total
-------------------------+-------+-------++-------
Melee: Unarmed           |    11 |       ||    11
       Dagger            |    76 |    80 ||   156
       Spear             |     8 |       ||     8
 Cast: Sandblast         |     5 |       ||     5
       Stone Arrow       |       |     4 ||     4
  Use: Scroll            |       |     4 ||     4
 Stab: Sleeping          |     3 |     4 ||     7
       Distracted        |     1 |     2 ||     3
  Eat: Chunk             |     1 |     2 ||     3
       Royal jelly       |       |     1 ||     1
